 Dungeon Crawl Stone Soup version 0.21.1-1-g345015f (webtiles) character file.

100 letownia2 the Charmwright (level 4, -5/34 HPs)
             Began as a Merfolk Skald on Mar 14, 2018.
             Slain by Sigmund
             ... wielding a +0 scythe
              (6 damage)
             ... on level 4 of the Dungeon.
             The game lasted 00:06:18 (841 turns).

letownia2 the Charmwright (Merfolk Skald)            Turns: 841, Time: 00:06:19

Health: -5/34      AC:  6    Str: 11    XL:     4   Next: 74%
Magic:  6/7        EV: 12    Int: 13    God:
Gold:   85         SH:  0    Dex: 13    Spells: 1/7 levels left

rFire    . . .     SeeInvis .   h - +2 dagger (venom)
rCold    . . .     Gourm    .   (no shield)
rNeg     . . .     Faith    .   b - +0 leather armour
rPois    .         Spirit   .   s - +2 helmet
rElec    .         Reflect  .   (no cloak)
rCorr    .         Harm     .   (no gloves)
MR       .....                  (no boots)
Stlth    +.........             (no amulet)
HPRegen  0.11/turn              (no ring)
MPRegen  0.10/turn              (no ring)

@: no status effects
A: change form in water, swift swim, stealthy swim
a: no special abilities


You were on level 4 of the Dungeon.
You were not hungry.

You visited 1 branch of the dungeon, and saw 4 of its levels.

You collected 85 gold pieces.

Inventory:

Hand Weapons
 a - a +0 spear
 h - a +2 dagger of venom (weapon)
 n - a +0 hunting sling
Missiles
 j - 3 curare-tipped needles
 o - 18 stones (quivered)
 t - a tomahawk
Armour
 b - a +0 leather armour (worn)
 r - a +0 ring mail
 s - a +2 helmet (worn)
Scrolls
 e - 3 scrolls of blinking {unknown}
 f - a scroll of identify {unknown}
 i - 2 scrolls of fear {unknown}
 k - a scroll of amnesia {unknown}
 l - a scroll of random uselessness {unknown}
 m - a scroll of fog {unknown}
 q - a scroll of teleportation {unknown}
Potions
 g - a potion of brilliance
 p - a potion of invisibility
 u - a potion of cancellation {unknown}
 v - a potion of curing {unknown}
Books
 c - a book of Battle

   Spells                             Type                      Level
   a - Infusion                       Charms                       1
   b - Shroud of Golubria             Charms/Translocation         2
   c - Song of Slaying                Charms                       2
   d - Spectral Weapon                Hexes/Charms                 3
   e - Regeneration                   Charms/Necromancy            3
Comestibles
 d - 4 rations


   Skills:
 + Level 2.8 Fighting
 - Level 4.0 Polearms
 - Level 0.6 Armour
 - Level 2.6 Dodging
 - Level 2.0 Spellcasting
 - Level 1.0 Hexes
 + Level 4.4 Charms
 - Level 1.1 Translocations


You had one spell level left.
You knew the following spells:

 Your Spells              Type           Power        Failure   Level  Hunger
a - Infusion              Chrm           ##..         5%          1    ##.....
t - Shroud of Golubria    Chrm/Tloc      #.........   16%         2    ###....
x - Spectral Weapon       Hex/Chrm       #.......     32%         3    ####...


Dungeon Overview and Level Annotations

Branches:
Dungeon (4/15)
 Temple: D:4-7

Altars:
Elyvilon

Annotations:
D:3 letownia2's ghost, weakling MfSk
D:4 Menkaure; Sigmund


Message History

Unknown command.
You hit the jackal.
You kill the jackal!
Menkaure closely misses you. Menkaure misses you.
The jackal closely misses you.
Unknown command.
You hit the jackal.
The jackal is poisoned.
The jackal is severely wounded.
The jackal bites you but does no damage.
Something hits you.
* * * LOW HITPOINT WARNING * * *
The jackal bites you but does no damage.
Menkaure barely misses you. The jackal barely misses you.
You closely miss the jackal.
The jackal is almost dead.
You kill the jackal!
The jackal bites you.
* * * LOW HITPOINT WARNING * * *
Menkaure closely misses you. Something hits you.
You die...

#..### #..#
.?####..#
#......#
#.#####.# #.#
#.# ..#####†#
......h@#
..#####{MZsh...
#h####... #..
... ####


You could see Menkaure, 3 jackals, a giant cockroach and an adder skeleton.

Vanquished Creatures
  An orc wizard (D:3)
  An adder (D:2)
  An ooze (D:2)
  A worm (D:2)
  3 dart slugs
  3 leopard geckos
  2 orcs
  2 giant cockroaches
  6 goblins
  6 hobgoblins
  3 jackals (D:4)
  A quokka (D:2)
  4 bats
  2 frilled lizards (D:3)
  4 kobolds
  4 rats
44 creatures vanquished.

Vanquished Creatures (others)
  A spectral weapon (D:3)
1 creature vanquished.

Grand Total: 45 creatures vanquished

Notes
Turn   | Place    | Note
-------+----------+-------------------------------------------
     0 | D:1      | letownia2 the Merfolk Skald began the quest for the Orb.
     0 | D:1      | Reached XP level 1. HP: 16/16 MP: 3/3
    70 | D:1      | Reached XP level 2. HP: 22/22 MP: 1/5
   158 | D:1      | Learned a level 2 spell: Shroud of Golubria
   208 | D:2      | Found a faded altar of an unknown god.
   225 | D:2      | Reached skill level 1 in Translocations
   225 | D:2      | Reached XP level 3. HP: 13/27 MP: 0/6
   252 | D:2      | Learned a level 3 spell: Spectral Weapon
   284 | D:2      | Found a white marble altar of Elyvilon.
   361 | D:2      | Reached skill level 1 in Hexes
   421 | D:3      | Noticed letownia2's ghost (weakling MfSk)
   697 | D:3      | Reached XP level 4. HP: 23/33 MP: 1/7
   823 | D:4      | Noticed Sigmund
   828 | D:4      | Noticed Menkaure
   841 | D:4      | HP: 1/34 [jackal (3)]
   841 | D:4      | Slain by Sigmund

Skill      XL: |  1  2  3 |
---------------+----------+-----
Translocations | 1 |  1.1
Hexes          | 1 |  1.0
Charms         | 4 |  4.4
Polearms       | 4 |  4.0
Fighting       | |  2.8
Armour         | |  0.6
Dodging        | |  2.6
Spellcasting   | |  2.0

Action                   |  1- 3 |  4- 6 || total
-------------------------+-------+-------++-------
Melee: Spear             |   117 |       ||   117
       Dagger            |     8 |    31 ||    39
       Tailslap          |     1 |       ||     1
 Cast: Infusion          |    11 |       ||    11
       Shroud of Golubri |     4 |     3 ||     7
       Spectral Weapon   |     2 |       ||     2
  Use: Potion            |     3 |       ||     3
 Stab: Sleeping          |     1 |       ||     1
       Invisible         |     1 |       ||     1
  Eat: Chunk             |       |     1 ||     1
Armor: Leather armour    |    38 |    23 ||    61
Dodge: Dodged            |    79 |    35 ||   114
